Map: Orbital Shipyard

Players

AndiBiront - Winner!

  • Race: Zerg Zerg
  • League: Platinum

Frozzen

  • Race: Protoss Protoss
  • League: Gold

VOD

Have the link to the VOD?

Description

Time

  • Played on: Nov. 13, 2015, 2:28 p.m.
  • Length: 9:11
Show
View Real Time Build Order
Export as new Build Order

AndiBiront Zerg - Winner!

Build Orders: Hatch First 

Get SALT Encoding   

  12  0:01  Drone  
  13  0:07  Drone  
  14  0:15  Extractor  
  14  0:16  Drone  
  15  0:38  Hatchery  
  14  0:44  Drone, Extractor  
  15  0:58  Spawning Pool  
  15  1:02  Extractor  
  13  1:05  Drone, Extractor  
  13  1:08  Drone  
  16  1:15  Overlord  
  16  1:34  Drone x2  
  16  1:37  Drone, Extractor  
  18  1:44  Queen  
  20  1:49  Queen  
  20  1:52  Zergling x2  
  23  1:58  Drone  
  23  2:00  Zergling x2  
  25  2:03  Drone  
  26  2:09  Overlord  
  26  2:13  Drone  
  27  2:20  Zergling x2  
  28  2:27  Overlord  
  28  2:31  Zergling x2  
  28  2:33  Drone  
  30  2:37  Metabolic Boost  
  30  2:42  Zergling x2  
  31  2:44  Drone  
  32  2:52  Extractor  
  32  2:53  Zergling x2  
  32  2:54  Zergling x2  
  32  2:55  Zergling x2  
  32  2:57  Drone  
  35  2:59  Drone x3  
  35  3:04  Drone  
  39  3:11  Drone  
  40  3:20  Drone  
  40  3:24  Drone  
  40  3:25  Overlord  
  42  3:27  Overlord  
  42  3:30  Drone  
  42  3:31  Roach Warren  
  42  3:32  Drone  
  42  3:33  Drone  
  44  3:45  Spore Crawler  
  43  3:51  Spore Crawler  
  43  3:55  Zergling x4  
  44  3:56  Drone  
  44  3:57  Drone x2  
  46  4:16  Roach x3  
  52  4:17  Roach  
  52  4:18  Roach x2  
  58  4:28  Overlord  
  58  4:29  Overlord  
  58  4:33  Drone  
  59  4:39  Overlord  
  59  4:47  Roach  
  59  4:48  Roach x3  
  59  4:49  Roach x4  
  75  4:58  Drone, Spore Crawler  
  75  5:01  Drone  
  75  5:02  Spore Crawler  
  75  5:08  Roach  
  75  5:09  Roach  
  79  5:16  Ravager x2  
  79  5:17  Ravager x2  
  83  5:32  Overlord x2  
  83  5:37  Hatchery  
  83  5:40  Lair  
  63  6:05  Roach x5  
  73  6:11  Roach  
  73  6:12  Roach  
  75  6:30  Zergling x6  
  75  6:31  Zergling x6  
  75  6:32  Zergling x6  
  82  6:33  Ravager  
  82  6:36  Ravager  
  82  6:39  Drone  
  85  6:42  Extractor  
  85  6:44  Extractor  
  83  6:48  Overseer  
  83  6:55  Zergling x2  
  83  6:56  Zergling x2  
  83  6:59  Drone  
  83  7:00  Queen  
  88  7:05  Hydralisk Den  
  87  7:17  Drone x3, Zergling x2  
  87  7:18  Zergling x4  
  87  7:22  Ravager  
  94  7:24  Roach x2  
  94  7:25  Roach, Zergling x2  
  94  7:29  Drone x3  
  87  8:04  Roach x4  
  87  8:05  Zergling x10  
  94  8:07  Ravager x2  
  94  8:08  Ravager x2  
  94  8:09  Ravager  
  99  8:14  Drone x3  
  99  8:17  Extractor  
  99  8:19  Extractor  
  100  8:20  Roach  
  100  8:24  Drone  
  100  8:25  Overlord  
  103  8:30  Ravager  
  103  8:33  Zergling x2  
Show
View Real Time Build Order
Export as new Build Order

Frozzen Protoss 

Build Orders:  

Get SALT Encoding   

  12  0:01  Probe (Chrono Boost)  
  13  0:12  Probe (Chrono Boost)  
  14  0:19  Pylon  
  14  0:22  Probe (Chrono Boost)  
  15  0:37  Probe (Chrono Boost)  
  15  0:39  Gateway  
  16  0:47  Probe (Chrono Boost)  
  17  0:50  Assimilator  
  17  0:58  Probe (Chrono Boost)  
  18  1:10  Pylon  
  18  1:12  Probe (Chrono Boost)  
  19  1:23  Probe (Chrono Boost)  
  20  1:26  Cybernetics Core  
  20  1:29  Zealot  
  22  1:34  Probe (Chrono Boost)  
  22  1:39  Assimilator  
  23  1:44  Probe (Chrono Boost)  
  24  1:55  Probe (Chrono Boost)  
  25  2:03  Warp Gate (Chrono Boost)  
  25  2:11  Mothership Core (Chrono Boost)  
  27  2:22  Nexus  
  27  2:29  Probe  
  28  2:31  Adept  
  30  2:42  Probe  
  31  2:51  Pylon  
  31  3:03  Pylon  
  31  3:09  Sentry, Probe  
  34  3:21  Probe  
  35  3:33  Probe  
  36  3:40  Probe  
  36  3:45  Probe  
  38  3:50  Probe  
  38  3:51  Pylon  
  38  3:55  Gateway  
  39  3:57  Forge  
  39  3:58  Probe  
  39  4:01  Probe  
  41  4:08  Stalker  
  43  4:10  Probe  
  43  4:11  Probe  
  43  4:15  Pylon  
  45  4:19  Pylon  
  45  4:20  Assimilator  
  45  4:22  Probe x2  
  45  4:23  Pylon  
  47  4:28  Gateway  
  47  4:32  Probe  
  47  4:34  Probe, Protoss Ground Weapons Level 1 (Chrono Boost)  
  49  4:40  Adept  
  49  4:43  Probe  
  52  4:46  Probe  
  52  4:52  Assimilator  
  53  4:53  Probe  
  53  4:58  Probe  
  55  5:00  Gateway  
  55  5:11  Twilight Council  
  55  5:15  Stalker  
  55  5:16  Adept  
  59  5:32  Probe  
  60  5:39  Stalker  
  60  5:41  Zealot  
  60  5:42  Probe  
  64  5:43  Adept  
  65  5:53  Probe  
  60  6:03  Sentry, Probe  
  60  6:04  Stalker  
  60  6:05  Sentry  
  60  6:07  Adept  
  60  6:10  Resonating Glaives (Chrono Boost)  
  65  6:31  Adept  
  65  6:32  Pylon  
  65  6:34  Stalker, Zealot  
  65  6:35  Zealot  
  65  6:36  Pylon  
  65  6:37  Pylon  
  71  6:51  Gateway  
  71  6:59  Protoss Ground Weapons Level 2 (Chrono Boost), Robotics Facility  
  71  7:06  Stalker, Sentry  
  71  7:08  Zealot  
  77  7:09  Adept  
  79  7:24  Photon Cannon, Robotics Facility  
  79  7:27  Photon Cannon  
  79  7:29  Stalker  
  81  7:30  Zealot  
  81  7:32  Adept  
  81  7:33  Adept  
  87  7:40  Gateway  
  81  7:47  Zealot  
  77  7:55  Stalker  
  77  7:57  Stalker, Adept  
  81  8:02  Stalker  
  81  8:13  Immortal (Chrono Boost)  
  81  8:16  Immortal (Chrono Boost)  
  81  8:17  Stalker  
  81  8:19  Stalker  
  89  8:21  Adept  
  89  8:22  Zealot  
  93  8:31  Pylon  
  93  8:33  Pylon  
  93  8:36  Pylon  
  93  8:39  Stalker x2  
  97  8:47  Stalker x2  
  93  8:49  Stalker x2  
  65  9:03  Zealot x2  
Tags
 
Add a new tag
Caveats
  • Supply blocks, unpowered buildings, or Contaminate may cause inaccurate times.
  • Supply counts are checked every 10 seconds.